 Dungeon Crawl Stone Soup version 0.01-2087-gb5e28fc70b (webtiles) character file.

Game seed: 11000334869919214990, levelgen mode: deterministic

283 Artagas the Chopper (level 6, -3/84 HPs) Minotaur Berserker. Began on May 28, 2020. Was a Priest of Trog. Slain by a wolf spider zombie (11 damage) ... on level 3 of the Dungeon. The game lasted 00:04:24 (1726 turns).

Artagas the Chopper (Minotaur Berserker)            Turns: 1726, Time: 00:04:24

Health: -3/84      AC:  5    Str: 28    XL:     6 ^: 328
Magic:  1/1        EV:  9    Int:  4    God:    Trog [***... (75)]
Gold:   118        SH:  8    Dex: 10    Spells: 5/5 levels left

rFire    . . .     Vision   .   l - +4 broad axe (antimagic)
rCold    . . .     Gourm    .   h - +0 heater shield
rNeg     . . .     Faith    .   i - +0 ring mail
rPois    .         Spirit   .   (helmet restricted)
rElec    .         Reflect  .   (no cloak)
rCorr    .         Harm     .   (no gloves)
MR       .....     Rnd*Rage +   (no boots)
Stlth    ..........             (no amulet)
HPRegen  0.38/turn              (no ring)
MPRegen  0.11/turn              (no ring)

@: berserking, very quick
A: retaliatory headbutt, horns 2
a: Berserk, Trog's Hand, Renounce Religion


You were on level 3 of the Dungeon.
You worshipped Trog.
Trog was most pleased with you.
You were near starving.

You visited 1 branch of the dungeon, and saw 3 of its levels.

You collected 118 gold pieces.

Inventory:

Weapons
 a - a +0 hatchet
 d - a +2 hatchet of chopping
 l - a +4 antimagic broad axe (weapon) Shields
 e - a +0 scutum
 h - a +0 heater shield (shield)
Armour
 b - a +0 animal skin
 i - a +0 ring mail (worn)
Wands
 m - a wand of polymorph (19)
 p - a wand of enslavement (6)
Scrolls
 f - 4 scrolls of teleportation
 g - a scroll of blinking
 j - 3 scrolls of enchantment
Potions
 k - a potion of might
 n - 2 potions of cancellation
 q - a potion of curing
Comestibles
 c - 6 rations


   Skills:
 + Level 5.1 Fighting
 + Level 6.6 Axes & Hammers
 - Level 2.4 Armour
 - Level 2.1 Dodging
 + Level 1.2 Stealth
 + Level 1.4 Shields
 + Level 1.0 Unarmed Combat


You had 5 spell levels left.
You didn't know any spells.
Your spell library was empty.

Dungeon Overview and Level Annotations

Branches:
Dungeon (3/8)

Altars:
Uskayaw

Shops:
D:3 [


Innate Abilities, Weirdness & Mutations

You reflexively headbutt those who attack you in melee.
You have a pair of horns on your head.
You frequently lose your temper in combat.
This godly rage surpasses even clarity. (*Rage)


Message History

A red film seems to cover your vision as you go berserk!
You feel yourself moving faster!
You feel mighty!
You are near starving!
The wolf spider zombie hits you (14)!
* * * LOW HITPOINT WARNING * * *
The wolf spider zombie bites you (3).
* * * LOW HITPOINT WARNING * * *
Okay, then.
Evoke which item? (* to show all) (? for menu, Esc to quit)
Okay, then.
You slash the wolf spider zombie (11)!
You headbutt the wolf spider zombie (6).
The wolf spider zombie is moderately damaged. (59/89) HP You block the wolf spider zombie's attack.
The wolf spider zombie bites you (6).
* * * LOW HITPOINT WARNING * * *
You slash the wolf spider zombie (13)!
The wolf spider zombie is heavily damaged. (46/89) HP The wolf spider zombie hits you (11)!
You die...

♣.♣.######....#####....##...#
♣♣♣# ##....##......#....# ♣♣
##...##..).####...#
#....##...####...#
##..†)#.....#....#
##...##........##
#....##.......#
##....###...### ##@..#
#.....# #Z...# ##....##
.....## #.....# #....##
###...# #.....# #.....#
#....### ###....## .....#
#......# ....# ##....###
#.....#


You could see a wolf spider zombie.

Vanquished Creatures
  Blork the orc (D:3)
  2 worker ants (D:3)
  A white imp (D:2)
  6 adders (D:2)
  4 worms (D:2)
  A hound skeleton (D:3)
  2 oozes (D:2)
  A dart slug (D:2)
  2 leopard geckos
  2 giant cockroaches (D:2)
  4 hobgoblins
  10 bats
  4 frilled lizards (D:2)
  8 goblins
  9 kobolds
  10 rats
67 creatures vanquished.

Notes
Turn   | Place    | Note
-------+----------+-------------------------------------------
     0 | D:1      | Artagas the Minotaur Berserker began the quest for the Orb.
     0 | D:1      | Reached XP level 1. HP: 19/19 MP: 0/0
     9 | D:1      | Received a gift from Trog
   123 | D:1      | Reached XP level 2. HP: 21/27 MP: 1/1
   126 | D:1      | Reached skill level 4 in Axes & Hammers
   615 | D:2      | Found a hide-covered altar of Uskayaw.
   651 | D:2      | Reached XP level 3. HP: 30/34 MP: 2/2
   688 | D:2      | Reached ** piety under Trog
   766 | D:2      | Reached skill level 1 in Stealth
   767 | D:2      | Reached XP level 4. HP: 41/41 MP: 3/3
   896 | D:2      | Reached skill level 5 in Axes & Hammers
  1061 | D:2      | Found a faded altar of an unknown god.
  1099 | D:2      | Reached skill level 1 in Unarmed Combat
  1102 | D:2      | Received a gift from Trog
  1146 | D:2      | Reached XP level 5. HP: 47/47 MP: 1/4
  1159 | D:2      | Reached skill level 1 in Shields
  1353 | D:3      | Noticed Blork the orc
  1361 | D:3      | Killed Blork the orc
  1361 | D:3      | Reached *** piety under Trog
  1361 | D:3      | Reached skill level 5 in Fighting
  1361 | D:3      | Reached skill level 6 in Axes & Hammers
  1617 | D:3      | Found Xuraj's Antique Armour Emporium.
  1716 | D:3      | Reached XP level 6. HP: 56/56 MP: 1/5
  1721 | D:3      | Noticed a wolf spider zombie
  1726 | D:3      | Slain by a wolf spider zombie

Levels and vault maps discovered:
D:1:      eino_arrival_druids_welcome, layout_basic
D:2:      minmay_chambers_of_threes, layout_basic, kennysheep_mini_moat,
          chequers_ecumenical_altar_twisty, first_ration
D:3:      layout_twisted_cavern, basic_altar, serial_shops,
          nicolae_shop_overgrown_old_shop, uniq_crazy_yiuf_cottage,
          uniq_blork_the_orc

Skill      XL: |  1  2  3  4  5 |
---------------+----------------+-----
Fighting       | 4 5 |  5.1
Axes & Hammers | 4 5 6 |  6.6
Stealth        | 1 |  1.2
Unarmed Combat | 1 |  1.0
Shields        | 1 |  1.4
Armour         | |  2.4
Dodging        | |  2.1

Action                   |  1- 3 |  4- 6 || total
-------------------------+-------+-------++-------
Melee: Hatchet           |    53 |    28 ||    81
       Unarmed           |    19 |       ||    19
       Headbutt          |     5 |    14 ||    19
       Broad axe         |       |    31 ||    31
Invok: Berserk           |     2 |     3 ||     5
 Stab: Sleeping          |     1 |       ||     1
  Eat: Chunk             |       |     5 ||     5
Armor: Animal skin       |     6 |       ||     6
       Ring mail         |     6 |     9 ||    15
Dodge: Dodged            |    32 |    15 ||    47
Block: Heater shield     |    10 |    16 ||    26
